Map: Jagannatha LE

Players

PartinG

  • Race: Protoss Protoss
  • Spawn Location: 7:00

Zest - Winner!

  • Race: Protoss Protoss
  • Spawn Location: 1:00

Event: IEM Katowice 2021

VOD

Have the link to the VOD?

Description

Time

  • Played on: Feb. 28, 2021, 11:20 a.m.
  • Length: 8:03

All games in this series

Show
View Real Time Build Order
Export as new Build Order

PartinG Protoss 

Build Orders:  

Get SALT Encoding   

  12  0:00  Probe  
  13  0:12  Probe  
  14  0:17  Pylon  
  14  0:24  Probe (Chrono Boost)  
  15  0:36  Probe (Chrono Boost)  
  15  0:37  Gateway  
  16  0:45  Probe (Chrono Boost)  
  16  0:46  Assimilator  
  17  0:51  Probe  
  17  0:55  Assimilator  
  18  1:03  Probe (Chrono Boost)  
  19  1:09  Gateway  
  19  1:13  Probe (Chrono Boost)  
  20  1:18  Probe (Chrono Boost)  
  21  1:25  Cybernetics Core  
  21  1:29  Probe  
  22  1:36  Pylon  
  22  1:41  Probe  
  24  1:54  Probe  
  24  2:01  Robotics Facility  
  24  2:03  Stalker  
  24  2:06  Warp Gate  
  26  2:15  Stalker  
  28  2:25  Pylon  
  28  2:33  Stalker  
  30  2:45  Immortal (Chrono Boost)  
  34  2:55  Shield Battery  
  33  3:08  Pylon  
  33  3:16  Warp Prism (Chrono Boost)  
  35  3:27  Stargate  
  35  3:45  Observer  
  35  3:48  Pylon  
  36  3:56  Stalker x2  
  34  4:07  Probe  
  35  4:18  Phoenix (Chrono Boost)  
  35  4:20  Probe  
  38  4:32  Sentry  
  38  4:36  Probe  
  38  4:48  Probe  
  39  4:54  Stalker  
  40  5:00  Probe  
  41  5:16  Observer  
  41  5:18  Stalker, Probe  
  45  5:31  Sentry  
  47  5:36  Probe  
  47  5:39  Observer  
  46  5:53  Probe, Twilight Council  
  47  5:57  Stalker  
  49  6:05  Probe  
  49  6:06  Stalker  
  52  6:17  Probe  
  53  6:20  Stalker  
  55  6:28  Pylon  
  55  6:47  Pylon  
  55  7:06  Pylon  
  35  7:23  Stalker  
  35  7:27  Probe  
  26  7:30  Stalker  
  28  7:39  Probe  
  28  7:40  Gateway  
  29  7:47  Stalker  
  31  7:55  Stalker  
Show
View Real Time Build Order
Export as new Build Order

Zest Protoss - Winner!

Build Orders: Oracle Opening 

Get SALT Encoding   

  12  0:00  Probe  
  13  0:12  Probe  
  14  0:17  Pylon  
  14  0:24  Probe (Chrono Boost)  
  15  0:36  Probe (Chrono Boost)  
  15  0:37  Gateway  
  16  0:44  Probe (Chrono Boost)  
  16  0:46  Assimilator  
  17  0:51  Probe  
  18  1:03  Probe (Chrono Boost)  
  19  1:04  Assimilator  
  19  1:09  Gateway  
  19  1:13  Probe (Chrono Boost)  
  19  1:18  Probe (Chrono Boost)  
  21  1:27  Cybernetics Core  
  21  1:30  Probe  
  22  1:37  Pylon  
  22  1:42  Probe  
  23  1:57  Probe  
  24  2:03  Stargate  
  24  2:06  Stalker  
  26  2:12  Warp Gate  
  26  2:16  Shield Battery  
  26  2:25  Stalker  
  28  2:46  Oracle (Chrono Boost)  
  31  2:54  Pylon  
  31  2:58  Shield Battery  
  31  2:59  Shield Battery  
  30  3:12  Zealot x2  
  34  3:13  Oracle (Chrono Boost)  
  37  3:22  Pylon  
  37  3:29  Gateway  
  37  3:51  Pylon  
  37  4:05  Stalker x2  
  37  4:06  Void Ray  
  45  4:24  Shield Battery  
  45  4:29  Stalker x2  
  49  4:40  Pylon  
  49  4:47  Twilight Council  
  49  5:05  Gateway  
  49  5:14  Stalker x2  
  53  5:22  Blink (Chrono Boost)  
  53  5:56  Stalker x2  
  54  5:58  Stalker  
  53  6:13  Pylon  
  53  6:26  Stalker x3  
  59  6:34  Pylon  
  59  6:51  Stalker x3  
  61  7:20  Stalker x3  
  63  7:35  Pylon  
  63  7:37  Gateway  
  63  7:40  Robotics Facility  

Tags
 
Add a new tag
Caveats
  • Supply blocks, unpowered buildings, or Contaminate may cause inaccurate times.
  • Supply counts are checked every 10 seconds.